 Dungeon Crawl Stone Soup version 0.26-a0-818-g75db068ed4 (console) character file.

Game seed: 3194327267173099265

4821 jejorda2 the Cleaver (level 10, -3/132 HPs)
             Began as a Palentonga Berserker on Nov 15, 2020.
             Was an Elder of Trog.
             Slain by a two-headed ogre
             ... wielding a +0 giant spiked club
              (12 damage)
             ... on level 8 of the Dungeon.
             The game lasted 00:25:32 (7684 turns).

jejorda2 the Cleaver (Palentonga Berserker)         Turns: 7684, Time: 00:25:32

Health: -3/132     AC: 22    Str: 29    XL:     10   Next: 24%
Magic:  10/10      EV:  6    Int:  8    God:    Trog [****..]
Gold:   454        SH:  0    Dex: 10    Spells: 9/9 levels left

rFire    . . .     SeeInvis +   a - +0 war axe
rCold    . . .     Faith    .   (no shield)
rNeg     . . .     Spirit   .   q - +0 plate armour
rPois    .         Reflect  .   G - +2 hat
rElec    .         Harm     .   I - +0 cloak {rCorr}
rCorr    +         Rampage  .   E - +2 pair of gloves
MR       ++...                  (no barding)
Stlth    ..........             (no amulet)
HPRegen  1.32/turn              j - +6 ring of strength
MPRegen  0.12/turn              (no ring)

@: berserking, regenerating, curled up, very quick
A: large, rugged brown scales 3, see invisible, deformed body, roll 1, armoured
tail, reflexive curl
a: Rolling Charge, Berserk, Trog's Hand, Brothers in Arms, Renounce Religion


You were on level 8 of the Dungeon.
You worshipped Trog.
Trog was greatly pleased with you.
You visited 2 branches of the dungeon, and saw 9 of its levels.

You collected 454 gold pieces.

Inventory:

Hand Weapons
 a - a +0 war axe (weapon)
 l - a cursed +0 battleaxe
 A - a +0 dire flail
Missiles
 i - 13 poisoned darts (quivered)
 B - a throwing net
Armour
 q - a +0 plate armour (worn)
 z - a +0 helmet
 E - a +2 pair of gloves (worn)
 G - a +2 hat (worn)
 I - a +0 cloak of preservation (worn)
Jewellery
 j - a +6 ring of strength (left hand)
Wands
 k - a wand of acid (7)
 v - a wand of iceblast (10)
 C - a wand of paralysis (8)
 D - a wand of enslavement (14)
 H - a wand of random effects (19)
 J - a wand of digging (5)
 L - a wand of flame (17)
Scrolls
 c - 3 scrolls of teleportation
 e - a scroll of identify
 f - 7 scrolls of remove curse
 h - 2 scrolls of magic mapping
 p - 2 scrolls of blinking
 s - 4 scrolls of immolation
 t - 3 scrolls of enchant armour
 w - 2 scrolls of amnesia
 y - 2 scrolls of random uselessness
Potions
 b - 3 potions of heal wounds
 d - 4 potions of brilliance
 g - a potion of ambrosia
 m - 2 potions of cancellation
 n - 4 potions of curing
 o - a potion of flight
 r - 4 potions of haste
 u - a potion of lignification
 x - a potion of resistance
 F - a potion of invisibility
 K - a potion of berserk rage


   Skills:
 - Level 6.0 Fighting
 * Level 13.6 Axes
 + Level 3.1 Armour
 - Level 1.5 Dodging


You had 9 spell levels left.
You didn't know any spells.
Your spell library was empty.

Dungeon Overview and Level Annotations

Branches:
Dungeon (8/15)             Temple (1/1) D:4
   Lair: D:8-11

Altars:
Hepliaklqana
Makhleb
Nemelex Xobeh
Qazlal
Ru
Wu Jian
Xom
Zin
The Shining One

Annotations:
D:8 1 transporter, Maurice


Innate Abilities, Weirdness & Mutations

You are completely covered in rugged brown scales. (AC +3, +7% HP)
You have supernaturally acute eyesight. (SInv)
Armour fits poorly on your strangely shaped body.
You can roll at nearby foes to attack.
You have a long armoured tail.
You curl defensively after being hit.


Message History

You hit the centaur warrior. You closely miss the quasit.
You completely miss the cyan very ugly thing.
The centaur warrior barely misses you.
Your black bear bites the ogre!
Your black bear claws the ogre but does no damage.
Your black bear claws the ogre.
The ogre dies!
Trog accepts your kill.
The cyan very ugly thing barely misses you.
Unknown command.
You slash the two-headed ogre!
The two-headed ogre is moderately wounded.
You slash the centaur warrior! You hit the quasit.
You slash the cyan very ugly thing!
The quasit bites you but does no damage.
The quasit barely misses you.
The quasit claws you but does no damage.
The two-headed ogre hits you with a +0 giant spiked club!
* * * LOW HITPOINT WARNING * * *
The two-headed ogre hits you with a +0 giant club!
You die...

#....[......##.
####...........##.
##....#.........##.
#####..........###.....
##.....©.....##....#..#.
#..#########..#....##.#.
#.##8..@)h8##.#....##.#.
#.#...cOuJ..#...........
#.#.##.@5##.#......##..^
#.#.##...##.#......###..
#.#5........#......# #..
#.#.##...##.#......# #.>
#.#5##...##.#......# #.#
#.#...$"$...#......# #.#
#.##8["©)[8##......# #.#
#..#########.......# #.#
##.....©...........# #.#


You could see a cyan very ugly thing, a slime creature, Maurice, a centaur
warrior, a two-headed ogre, a quasit and a friendly black bear (summoned,
berserk).

Vanquished Creatures
  Pikel (D:6)
  Joseph (D:7)
  Sigmund (D:4)
  Eustachio (D:5)
  A water moccasin (D:8)
  A sky beast (D:8)
  2 orc warriors
  3 ice beasts
  4 phantoms
  3 ogres
  2 necrophages (D:6)
  A centaur (D:5)
  6 bullfrogs
  Blork the orc (D:5)
  2 water moccasin zombies
  2 scorpions
  5 wights (D:8)
  A quasit (D:7)
  2 orc priests
  4 jellies
  A bullfrog zombie (D:6)
  A centaur skeleton (D:8)
  A hound (D:4)
  Crazy Yiuf (D:6)
  A gnoll shaman (D:5)
  Ijyb (D:4)
  An iguana (D:6)
  9 orc wizards
  5 worker ants
  A hound skeleton (D:4)
  2 worker ant zombies
  A howler monkey skeleton (D:4)
  8 gnolls
  10 adders
  2 white imps
  An ufetubus (D:7)
  3 oozes
  2 adder zombies
  A worm (D:3)
  7 dart slugs
  7 leopard geckos
  15 orcs
  7 bats
  6 giant cockroaches
  7 goblins
  3 hobgoblins (D:1)
  10 jackals
  7 kobolds
  5 quokkas
  10 frilled lizards
  7 rats
187 creatures vanquished.

Vanquished Creatures (collateral kills)
  Maggie (D:6)
  An ogre (D:8)
2 creatures vanquished.

Vanquished Creatures (others)
  An orc (D:5)
1 creature vanquished.

Grand Total: 190 creatures vanquished

Notes
Turn   | Place    | Note
-------+----------+-------------------------------------------
     0 | D:1      | jejorda2 the Palentonga Berserker began the quest for the
                  | Orb.
     0 | D:1      | Reached XP level 1. HP: 20/20 MP: 1/1
    63 | D:1      | Found a shimmering altar of Xom.
   121 | D:1      | Reached XP level 2. HP: 27/27 MP: 2/2
   275 | D:1      | Reached XP level 3. HP: 25/33 MP: 3/3
   422 | D:1      | Reached ** piety under Trog
   423 | D:1      | Reached skill level 4 in Axes
  1490 | D:3      | Reached XP level 4. HP: 39/42 MP: 4/4
  1678 | D:3      | Found an ornate altar of the Wu Jian Council.
  1678 | D:3      | Found a glowing golden altar of the Shining One.
  1678 | D:3      | Found a sacrificial altar of Ru.
  2165 | D:3      | Reached skill level 5 in Axes
  2165 | D:3      | Reached XP level 5. HP: 44/49 MP: 5/5
  2460 | D:4      | Noticed Ijyb
  2461 | D:4      | Found a staircase to the Ecumenical Temple.
  2467 | D:4      | Killed Ijyb
  2470 | D:4      | Reached *** piety under Trog
  2478 | Temple   | Entered the Ecumenical Temple
  2622 | D:4      | Reached XP level 6. HP: 56/56 MP: 6/6
  2641 | D:4      | Noticed Sigmund
  2650 | D:4      | Killed Sigmund
  2651 | D:4      | Reached skill level 6 in Axes
  3020 | D:4      | Reached skill level 5 in Fighting
  3020 | D:4      | Gained mutation: You curl defensively after being hit.
                  | [Palentonga growth]
  3020 | D:4      | Reached XP level 7. HP: 65/65 MP: 7/7
  3108 | D:4      | Reached skill level 7 in Axes
  3337 | D:4      | Found a sacrificial altar of Ru.
  3501 | D:5      | Entered Level 5 of the Dungeon
  3506 | D:5      | Noticed Blork the orc
  3523 | D:5      | Killed Blork the orc
  3758 | D:5      | Reached skill level 8 in Axes
  3829 | D:5      | Noticed Eustachio
  3857 | D:5      | Reached **** piety under Trog
  3873 | D:5      | Reached XP level 8. HP: 59/74 MP: 8/8
  3881 | D:5      | Killed Eustachio
  4056 | D:5      | Reached skill level 9 in Axes
  4243 | D:5      | Found a burning altar of Makhleb.
  4705 | D:6      | Found a stormy altar of Qazlal.
  4806 | D:6      | Reached skill level 10 in Axes
  5340 | D:6      | Noticed Maggie
  5353 | D:6      | Killed Maggie
  5354 | D:6      | Reached skill level 11 in Axes
  5354 | D:6      | Reached XP level 9. HP: 49/80 MP: 9/9
  5484 | D:6      | Noticed Pikel
  5488 | D:6      | Paralysed by Pikel for 7 turns
  5502 | D:6      | Killed Pikel
  5503 | D:6      | Reached skill level 12 in Axes
  5711 | D:6      | Found a runed translucent door.
  5712 | D:6      | Noticed Crazy Yiuf
  5718 | D:6      | Killed Crazy Yiuf
  6179 | D:7      | Found a sparkling altar of Nemelex Xobeh.
  6300 | D:7      | Noticed Joseph
  6313 | D:7      | Killed Joseph
  6494 | D:7      | Reached skill level 13 in Axes
  7134 | D:8      | Reached XP level 10. HP: 88/88 MP: 10/10
  7630 | D:8      | Found a transporter.
  7631 | D:8      | Noticed a two-headed ogre
  7632 | D:8      | Noticed a cyan very ugly thing
  7634 | D:8      | Noticed Maurice
  7635 | D:8      | Noticed a centaur warrior
  7648 | D:8      | Found a transporter.
  7684 | D:8      | Slain by a two-headed ogre

Illustrated notes

Levels and vault maps discovered:
D:1:      scummos_arrival_star, layout_loops_ring, xom_teletrap_fun
D:2:      layout_basic, hex_large, due_unseen_surprise
D:3:      layout_basic, gammafunk_temple_overflow_forgotten,
          minmay_tree_intersection, kennysheep_cross_room, hex_medium
D:4:      layout_loops_cross, minmay_temple_entry_hall,
          nicolae_ru_path_of_blood, uniq_ijyb, uniq_sigmund
D:5:      layout_rooms, lemuel_altar_in_water, uniq_eustachio,
          uniq_blork_the_orc
D:6:      layout_basic, nicolae_qazlal_general_emergency,
          uniq_crazy_yiuf_cottage, uniq_maggie, uniq_pikel
D:7:      layout_loops_ring, basic_altar, lightli_minifort, uniq_joseph
D:8:      gammafunk_sealed_arena, layout_basic, kennysheep_pointless_box,
          uniq_maurice
Temple:   compressed_dpeg_circular_temple

Skill      XL: |  1  2  3  4  5  6  7  8  9 10 |
---------------+-------------------------------+-----
Axes           | 4 5 6 8 11 13 | 13.6
Fighting       | 4 5 6 |  6.0
Armour         | 2 3 |  3.1
Dodging        | |  1.5

Action                   |  1- 3 |  4- 6 |  7- 9 | 10-12 || total
-------------------------+-------+-------+-------+-------++-------
Melee: Hand axe          |   122 |   102 |   324 |       ||   548
       Tailslap          |    13 |    13 |    51 |    12 ||    89
       War axe           |       |       |    14 |    52 ||    66
Throw: Dart              |       |    11 |       |       ||    11
Invok: Berserk           |       |     3 |     9 |     2 ||    14
       Trog's Hand       |       |       |     4 |     1 ||     5
       Brothers in Arms  |       |       |     1 |     1 ||     2
 Abil: Rolling Charge    |    35 |    27 |    49 |     6 ||   117
  Use: Potion            |       |       |     1 |       ||     1
       Scroll            |       |       |    22 |       ||    22
Armor: Animal skin       |    11 |       |       |       ||    11
       Leather armour    |    28 |     2 |       |       ||    30
       Plate armour      |       |    45 |   207 |    35 ||   287
       Scale mail        |       |     1 |       |       ||     1
Dodge: Dodged            |    55 |    27 |    69 |    15 ||   166

Table legend: (Time is in decaauts)
 A = Elapsed time spent in this place.
 B = Non-inter-level travel time spent in this place.
 C = Inter-level travel time spent in this place.
 D = Time resting spent in this place.
 E = Time spent auto-exploring this place.
 F = Levels seen in this place.
 G = Mean time per level.
                   A        B        C        D        E       F      G
               +--------+--------+--------+--------+--------+-----+--------+
         Total |   7786 |   7571 |    215 |    699 |   5610 |   9 |  865.1 |
       Dungeon |   7743 |   7528 |    215 |    658 |   5610 |   8 |  967.9 |
        Temple |     43 |     43 |      0 |     41 |      0 |   1 |   43.0 |
               +--------+--------+--------+--------+--------+-----+--------+

Top non-repeatable levels by time:
     D:4: 1420 daAuts
     D:6: 1284 daAuts
     D:3: 985 daAuts
     D:7: 959 daAuts
     D:5: 899 daAuts
     D:1: 740 daAuts
     D:2: 736 daAuts
     D:8: 717 daAuts
  Temple: 43 daAuts
